AoeStats
← 澄海老潘

Arabia

510086951Analyzed
1v1 RM · 3d ago on Sep 29, 2026· 20m 40s· 2 players
Game mode
Random Map
Map size
Tiny (2 player)
Population
200
Speed
Normal
Resources
Standard
Victory
Conquest
Starting age
Dark Age
Ending age
Imperial Age
RankedLock teamsTeams togetherTeam positionsShared explorationLock speedFull tech treeHidden civsTurbo modeCheats
Victory
Defeat
🇨🇳 Mongols · China
1220
+35
🇦🇹 Portuguese · Austria
1183
-14
澄海老潘
7:56 Feudal Age
8:41 Double-Bit Axe
9:28 Horse Collar
18:49 Castle Age
17:16 Scale Barding Armor
18:05 Bloodlines
18:06 Forging
19:54 Chain Barding Armor
Thrun, the Last Troll
8:22 Loom
10:07 Feudal Age
13:08 Double-Bit Axe
14:06 Horse Collar
17:11 Fletching
20:02 Padded Archer Armor
22:56 Castle Age
Connection lost

Rejoining the realm…

Still unreachable

The connection could not be restored.

Session expired

The server has moved on; the page needs a fresh start.